Unix NetHack Version 5.0.0-0 post-release - last build Jul 14 2026 02:55:29 (1809b74e8187c3a3585e283601c3028b46cbbdcb,branch:main).

Game began 2026-07-14 13:23:19, ended 2026-07-14 16:19:01.

DaveT, lawful male human Priest

 -----
 |.@..
 |H|.|
 |.|.|
 |*|.|
   |.|    -----
 ---.|    }}}}|
 |...|   ....}|
 |.----  ....}|
 |*.).*|.....}#
 |%---<|.....}|
 |.| |.......}|
     ---}}}}}}|
        }------
         |

DaveT the Priest             St:25 Dx:13 Co:17 In:13 Wi:18 Ch:10  Lawful
Dlvl:27 $:0  HP:0(88) Pw:168(168) AC:-19 Xp:12 T:16936  Burdened

Latest messages:
 The killer bee misses!
 You kill the killer bee!
 You see here 300 gold pieces.
 You have a little trouble lifting $ - 300 gold pieces (13746 in total).
 What do you want to use or apply? [dijl-npr-twBLQSYZ or ?*] d
 You put 13746 gold pieces into the bag of holding.
 You hear a door open.
 You sense a faint wave of psychic energy.
 With great effort you move the boulder.
 You hear a monster behind the boulder.
 Perhaps that's why you cannot move it.
 You hear a monster behind the boulder.
 Perhaps that's why you cannot move it.
 What do you want to use or apply? [dijl-npr-twBLQSYZ or ?*] S
 You now wield a +0 pick-axe.
 In what direction do you want to dig? [hyulnjb>] j
 You start hitting the boulder.
 You hit the boulder with all your might.
 The boulder falls apart.
 The minotaur hits!
 The minotaur hits again!
 The minotaur butts!
 What do you want to wield? [- aiANRS or ?*] a
 a - a blessed rustproof +7 mace (weapon in right hand).
 The minotaur hits!
 The minotaur hits again!
 The minotaur butts!
 You hear a door open.
 You hit the minotaur!
 The minotaur hits!
 The minotaur hits again!
 The minotaur butts!
 The minotaur hits!
 The minotaur hits again!
 The minotaur butts!
 Are you sure you want to pray? [yn] (n) y
 You begin praying to Anu.
 You are surrounded by a shimmering light.
 The minotaur starts to attack you, but pulls back.
 The minotaur starts to attack you, but pulls back.
 The minotaur starts to attack you, but pulls back.
 You finish your prayer.
 You feel that Anu is well-pleased.
 You sense a faint wave of psychic energy.
 The minotaur hits!
 The minotaur hits again!
 You die...
 Do you want your possessions identified? [ynq] (y) y
 Do you want to see your attributes? [ynq] (y) y
 Do you want an account of creatures vanquished? [ynaq] (y) q

Inventory:
 Amulets  ('"')
  q - an amulet of reflection (being worn)
 Weapons  (')')
  N - 6 blessed +1 shuriken
  R - a +0 aklys
  A - the +1 Demonbane
  a - a blessed rustproof +7 mace (weapon in right hand)
 Armor    ('[')
  G - a +3 orcish helm (being worn)
  u - a blessed +3 pair of gauntlets of dexterity
  J - a blessed rustproof +3 pair of gauntlets of power (being worn)
  I - a fireproof +0 pair of speed boots (being worn)
  g - a blessed +1 elven shield (being worn)
  b - a thoroughly burnt +0 robe (being worn)
  V - a blessed rotproof +2 gray dragon scale mail (being worn)
 Comestibles  ('%')
  e - a clove of garlic
  K - a food ration
  f - a sprig of wolfsbane
  H - a lizard corpse
 Scrolls  ('?')
  U - a scroll of blank paper
  k - a scroll of destroy armor
  M - a scroll of taming
  O - 2 scrolls of teleportation
  E - a cursed scroll of teleportation
 Potions  ('!')
  h - a potion of confusion
  W - a potion of healing
 Rings    ('=')
  X - a ring of conflict
  P - a ring of levitation
  T - a ring of polymorph control
 Wands    ('/')
  Y - a wand of create monster (0:13)
  B - a wand of digging (0:5)
  t - a wand of magic missile (0:7)
  l - a wand of probing (0:6)
  p - a wand of sleep (0:7)
  Z - a wand of slow monster (0:5)
  Q - a wand of stasis (0:5)
  r - a wand of striking (0:5)
  L - a wand of striking (0:3)
  w - a wand of teleportation (0:5)
 Tools    ('(')
  d - a blessed bag of holding containing 59 items
  j - an empty oilskin sack
  s - a sack containing 1 item
  n - a blindfold
  S - a +0 pick-axe
  m - a skeleton key
  i - a blessed +0 unicorn horn

Contents of the bag of holding:
  46440 gold pieces
  an amulet versus poison
  8 blessed +0 darts
  8 +0 darts
  a +0 silver dagger
  a +0 mace
  a +0 mummy wrapping
  3 slime molds
  15 food rations
  2 K-rations
  a lichen corpse
  3 lizard corpses
  2 lizard corpses
  a scroll of amnesia
  3 scrolls of blank paper
  a scroll of confuse monster
  a scroll of create monster
  a blessed scroll of earth
  a cursed scroll of earth
  a scroll of enchant weapon
  a scroll of fire
  a scroll of light
  3 scrolls of teleportation
  a cursed scroll of teleportation
  a spellbook of confuse monster
  a spellbook of cure blindness
  a spellbook of detect monsters
  a spellbook of extra healing
  a potion of booze
  a potion of enlightenment
  a blessed potion of healing
  3 potions of healing
  a cursed potion of healing
  4 potions of object detection
  a cursed potion of object detection
  a cursed potion of polymorph
  a diluted potion of sleeping
  a blessed potion of speed
  a potion of speed
  a ring of free action
  a cursed +2 ring of protection
  a wand of digging (0:6)
  a wand of digging (0:2)
  a wand of magic missile (0:8)
  a wand of magic missile (0:3)
  a cursed wand of magic missile (0:7)
  a wand of speed monster (0:4)
  a wand of speed monster (0:2)
  a wand of teleportation (0:5)
  a wand of teleportation (0:5)
  a wand of teleportation (0:4)
  a wand of teleportation (0:4)
  a wand of teleportation (0:2)
  a bugle
  a lock pick
  a blessed magic marker (0:0)
  a blessed oil lamp
  a towel
  a +0 unicorn horn

Contents of the sack:
  a worthless piece of white glass

DaveT the Priest's attributes:

Background:
 You were a Priest, level 12 human.
 You were lawful, on a mission for Anu
 who was opposed by Ishtar (neutral) and Anshar (chaotic).
 You were right-handed.
 You were in the Dungeons of Doom, on level 27.
 You entered the dungeon 16936 turns ago.
 There was a new moon in effect when your adventure ended.
 You had 34239 experience points, 5761 more were needed to attain level 13.

Basics:
 You had 0 out of 88 hit points.
 You had all 168 energy points (spell power).
 Your armor class was -19.
 Your wallet was empty, but
 you had 46440 zorkmids stashed away in your pack.
 Autopickup was off.

Final Characteristics:
 Your strength was 25 (base:17, innate limit:18/100).
 Your dexterity was 13 (peak:14, limit:18).
 Your constitution was 17 (limit:18).
 Your intelligence was 13 (limit:18).
 Your wisdom was 18 (limit:18).
 Your charisma was 10 (limit:18).

Final Status:
 You weren't hungry.
 You were burdened; movement was slightly slowed.
 You were wielding a mace.
 You had expert skill with mace.

Final Attributes:
 You were piously aligned.
 You were magic-protected.
 You were fire resistant.
 You were cold resistant.
 You were poison resistant.
 You were telepathic.
 You had a moderate defense bonus (+6).
 You were guarded.
 Your spell casting was enhanced by wearing a robe.
 You were very fast.
 You had reflection.
 You are dead.

Miscellaneous:
 You encountered 1 bones level.
 Total elapsed playing time was 2 hours, 55 minutes and 41 seconds.

Major events:
 Turn
    1: DaveT the lawful human Priest entered the dungeon
  596: attained the rank of Acolyte (level 3)
 1666: entered the Gnomish Mines
 1911: reached Mine Town
 1994: made his first wish - "blessed rustproof +3 gray dragon scale mail", got "a blessed gray dragon scale mail"
 2034: attained the rank of Adept (level 6)
 3774: entered Sokoban
 3978: completed 1st Sokoban level
 4211: completed 2nd Sokoban level
 4516: completed 3rd Sokoban level
 5369: completed 4th Sokoban level
 5597: acquired the Sokoban bag of holding
 7855: attained the rank of Priest (level 10)
 8254: entered Home 1, the Quest
12379: was bestowed with Demonbane by Anu
12502: performed his first genocide (class L)
12503: genocided class ;
15092: wished for "blessed magic marker", got "a blessed magic marker"
16813: killed Medusa
16936: killed by a minotaur

Spells:
 Name                 Level Category     Fail Retention
 protection             1   clerical      76%   11%-20%
 remove curse           3   clerical      20%   11%-20%
 healing                1   healing       71%    1%-25%
 finger of death        7   attack       100%   26%-50%
 extra healing          3   healing       96%   51%-75%
 detect monsters        1   divination    76%   51%-75%
 slow monster           2   enchantment   79%  76%-100%
 force bolt             1   attack        76%  76%-100%
 confuse monster        1   enchantment   76%  76%-100%
 charm monster          5   enchantment  100%  76%-100%

Skills:
 Fighting Skills
   bare handed combat [Unskilled]
 Weapon Skills
   club               [Unskilled]
   mace               [Expert]
   morning star       [Unskilled]
   flail              [Unskilled]
   hammer             [Unskilled]
   quarterstaff       [Unskilled]
   polearms           [Unskilled]
   spear              [Unskilled]
   trident            [Unskilled]
   lance              [Unskilled]
   bow                [Unskilled]
   sling              [Unskilled]
   crossbow           [Unskilled]
   dart               [Unskilled]
   shuriken           [Unskilled]
   boomerang          [Unskilled]
   unicorn horn       [Unskilled]
 Spellcasting Skills
   healing spells     [Unskilled]
   divination spells  [Unskilled]
   clerical spells    [Basic]

Voluntary challenges:
 Character rerolling was not enabled.
 You genocided 10 types of monsters.
 You never polymorphed an object.
 You never changed form.
 You used 2 wishes.
 You did not wish for any artifacts.
 You did not violate any of the special Sokoban rules.
Achievements:
 You attained the rank of Acolyte.
 You entered a shop.
 You entered the Gnomish Mines.
 You entered a temple.
 You entered Minetown.
 You attained the rank of Adept.
 You entered Sokoban.
 You completed Sokoban.
 You attained the rank of Priest.
 You defeated Medusa.

 The Dungeons of Doom: levels 1 to 27
    Level 1:
       A grave.
    Level 2:
       A fountain, a grave.
    Level 3:
       An armor shop, a fountain.
    Level 4:
       A general store.
       Stairs down to The Gnomish Mines.
    Level 5:
       A fountain.
    Level 6:
    Level 7:
       A fountain, a grave.
       Stairs up to Sokoban, level 6.
    Level 8:
    Level 9:
       A fountain.
    Level 10:
    Level 11:
    Level 12:
       An armor shop.
       Summoned by the Arch Priest.
       Portal to The Quest.
    Level 13:
       An altar to Anu.
    Level 14:
    Level 15:
    Level 16:
       A primitive area.
    Level 17:
    Level 18:
    Level 19:
       A grave.
    Level 20:
       Some fountains, a grave.
    Level 21:
       A fountain, many graves.
    Level 22:
       A grave.
    Level 23:
    Level 24:
       A fountain.
    Level 25:
    Level 26:
    Level 27: <- You were here.
       The castle.
       Final resting place for
          you, killed by a minotaur.
 The Gnomish Mines: levels 5 to 9
    Level 5:
    Level 6:
    Level 7:
       Many shops, a temple and an altar, some fountains.
    Level 8:
       Final resting place for
          levoittiel-Rog-Hum-Fem-Cha, killed by a panther.
    Level 9:
 The Quest:
    Level 1:
       Home.
 Sokoban: levels 6 up to 3
    Level 3:
       Solved.
    Level 4:
       Solved.
    Level 5:
       Solved.
    Level 6:
       Solved.


Vanquished creatures:
    Medusa
  a gray dragon
  5 stone golems
 an Olog-hai
  2 titanotheres
  a baby green dragon
  a genetic engineer
  a vampire leader
  a nurse
  4 frost giants
 an ettin
  3 ghosts
  3 queen bees
  3 giant mimics
  a long worm
  a zruty
  4 ogre tyrants
  3 elven monarchs
  a doppelganger
  a large mimic
  a wumpus
  4 stalkers
  2 air elementals
  a fire elemental
 an earth elemental
  2 xorns
  2 giant zombies
  3 sergeants
  a warg
  a winter wolf
  2 small mimics
  3 glass piercers
  4 warhorses
  4 xans
 an ettin mummy
  4 ogre leaders
  2 quantum mechanics
  7 trolls
  2 sasquatches
  a wood golem
  a gelatinous cube
  a pyrolisk
  2 large dogs
  2 freezing spheres
  3 flaming spheres
  a tiger
  2 gargoyles
  2 dwarf rulers
 an ochre jelly
 an energy vortex
  2 mountain centaurs
 an elf mummy
  a human mummy
  a red naga
  a python
  a pit viper
  3 cobras
  2 carnivorous apes
  3 leather golems
  4 Grey-elves
 13 soldiers
 an amorous demon
  3 crocodiles
  6 giant beetles
  5 quivering blobs
  4 wolves
  7 winter wolf cubs
  a lynx
  2 panthers
  3 gremlins
  3 spotted jellies
 78 leprechauns
 an orc-captain
  a mumak
  a giant spider
  a scorpion
  2 ice vortices
  2 black lights
  2 vampire bats
  3 forest centaurs
  4 gnome rulers
 an orc mummy
 an ogre
  a rust monster
  7 owlbears
  5 yetis
  2 gold golems
  2 werewolves
  2 Green-elves
  7 lizards
  3 dogs
  2 housecats
  2 jaguars
  2 blue jellies
  a gray unicorn
  2 black unicorns
  2 dust vortices
  5 ravens
  2 plains centaurs
  a gnome mummy
  5 snakes
  2 apes
  a human zombie
  5 Woodland-elves
  3 soldier ants
  3 fire ants
  6 bugbears
  2 imps
  a quasit
  a wood nymph
  2 water nymphs
  a mountain nymph
  4 Mordor orcs
  3 Uruk-hai
  3 orc shamans
  2 rock piercers
  3 rock moles
  4 ponies
  a fog cloud
  8 yellow lights
  a shrieker
  5 violet fungi
  5 gnome leaders
  4 gnomish wizards
  a kobold mummy
  2 gray oozes
  4 elf zombies
  2 ghouls
  2 straw golems
  4 paper golems
  a baby crocodile
  7 giant ants
  a little dog
  7 floating eyes
  a kitten
  4 dwarves
  2 homunculi
  a kobold leader
  a kobold shaman
  8 hill orcs
 19 rothes
  3 rabid rats
  a centipede
  3 giant bats
  a monkey
  2 orc zombies
  8 dwarf zombies
  2 wererats
 10 iguanas
 15 killer bees
  3 coyotes
  3 gas spores
  8 hobgoblins
 13 giant rats
  9 cave spiders
  3 brown molds
  2 yellow molds
  4 green molds
  4 red molds
 31 gnomes
  2 garter snakes
  3 gnome zombies
  7 geckos
 10 jackals
  4 kobolds
  4 goblins
  5 sewer rats
  a grid bug
  5 bats
 11 lichens
  a kobold zombie
  4 newts
639 creatures vanquished.

Genocided species:
 arch-liches
 krakens
 master liches
 demiliches
 liches
 sharks
 electric eels
 piranha
 giant eels
 jellyfish
10 species genocided.

Game over:
                       ----------
                      /          \
                     /    REST    \
                    /      IN      \
                   /     PEACE      \
                  /                  \
                  |      DaveT       |
                  |     46440 Au     |
                  |   killed by a    |
                  |     minotaur     |
                  |                  |
                  |                  |
                  |       2026       |
                 *|     *  *  *      | *
        _________)/\\_//(\/(/\)/\//\/|_)_______

Goodbye DaveT the Priest...

You died in The Dungeons of Doom on dungeon level 27 with 187212 points,
and 46440 pieces of gold, after 16936 moves.
You were level 12 with a maximum of 88 hit points when you died.

